AoeStats
← Leão

Arabia

508963016Analyzed
1v1 RM · 7d ago on Sep 24, 2026· 45m 41s· 2 players
Game mode
Random Map
Map size
Tiny (2 player)
Population
200
Speed
Normal
Resources
Standard
Victory
Conquest
Starting age
Dark Age
Ending age
Imperial Age
RankedLock teamsTeams togetherTeam positionsShared explorationLock speedFull tech treeHidden civsTurbo modeCheats
Victory
Defeat
🇩🇪 Portuguese · Germany
1249
+18
🇧🇷 Varangians · Brazil
1285
-18
MooseMooch
7:10 Loom
9:18 Feudal Age
11:06 Double-Bit Axe
13:23 Fletching
16:54 Wheelbarrow
20:48 Castle Age
19:12 Horse Collar
19:24 Gold Mining
19:56 Padded Archer Armor
21:04 Crossbowman
21:40 Bodkin Arrow
21:57 Bow Saw
22:14 Bow Saw
24:07 Ballistics
28:21 Pikeman
36:11 Imperial Age
34:08 Scale Mail Armor
35:22 Chain Mail Armor
35:12 Town Watch
36:56 Bracer
37:58 Chemistry
37:17 Thumb Ring
37:46 Conscription
37:26 Arbalester
39:09 Leather Archer Armor
39:54 Halberdier
41:33 Plate Mail Armor
42:16 Heavy Plow
43:08 Siege Engineers
44:01 Ring Archer Armor
44:23 Forging
44:43 Masonry
45:29 Scale Barding Armor
46:00 Iron Casting
Leão
7:22 Loom
9:33 Feudal Age
10:13 Double-Bit Axe
14:26 Bloodlines
16:33 Scale Barding Armor
21:36 Castle Age
19:40 Horse Collar
20:40 Stone Mining
20:43 Gold Mining
21:05 Forging
22:53 Chain Barding Armor
22:37 Fletching
24:45 Husbandry
26:53 Wheelbarrow
28:37 Hand Cart
28:08 Town Watch
33:59 Bow Saw
35:48 Iron Casting
38:44 Imperial Age
37:15 Stone Mining
37:47 Vendel Legacy
38:55 Cavalier
40:12 Plate Barding Armor
40:37 Blast Furnace
44:09 Stone Shaft Mining
43:48 Heavy Plow
Connection lost

Rejoining the realm…

Still unreachable

The connection could not be restored.

Session expired

The server has moved on; the page needs a fresh start.